 Dungeon Crawl Stone Soup version 0.29-a0-243-g602b31c20e (webtiles) character file.

Game seed: 2039662572588938120

539 Ajdolov the Insei (level 7, -12/48 HPs)
             Began as an Octopode Transmuter on Mar 4, 2022.
             Was an Initiate of Gozag.
             Mangled by Duvessa
             ... wielding a +5 short sword
              (23 damage)
             ... on level 4 of the Dungeon.
             The game lasted 00:08:05 (4336 turns).

Ajdolov the Insei (Octopode Transmuter)             Turns: 4336, Time: 00:08:05

Health: -12/48     AC:  2    Str: 10    XL:     7   Next: 26%
Magic:  7/10       EV: 19    Int: 17    God:    Gozag
Gold:   201        SH:  5    Dex: 17    Spells: 6/10 levels left

rFire   . . .      SeeInvis .     - Unarmed
rCold   . . .      Faith    .   (shield currently unavailable)
rNeg    . . .      Spirit   .   (helmet currently unavailable)
rPois   x          Reflect  +   d - amulet of reflection
rElec   .          Harm     .   b - ring of resist corrosion
rCorr   +          Rampage  .   (no ring)
Will    .....                   (no ring)
Stlth   ++........              (no ring)
HPRegen 0.16/turn               (no ring)
MPRegen 0.12/turn               (no ring)
                                (no ring)
                                (no ring)

@: spider-form (expiring), studying Axes
A: venomous fangs, almost no armour, (amphibious), 8 rings, tiny, (camouflage
1), (gelatinous body 1), (nimble swimmer 1), (tentacles)
a: End Transformation, Renounce Religion, Potion Petition, Call Merchant, Bribe
Branch


You were on level 4 of the Dungeon.
You worshipped Gozag.
Gozag was aware of your devotion.
You were a venomous arachnid creature.
You visited 1 branch of the dungeon, and saw 4 of its levels.

You collected 269 gold pieces.
You paid 68 gold pieces to Gozag.

Inventory:

Jewellery
 b - a ring of resist corrosion (left front leg)
 d - an amulet of reflection (around neck)
Wands
 k - a wand of flame (12)
Scrolls
 a - a scroll of noise {unknown}
 c - a scroll of brand weapon {unknown}
 h - a scroll of teleportation {unknown}
 m - 4 scrolls of fog {unknown}
 n - a scroll of vulnerability {unknown}
Potions
 e - 2 potions of berserk rage
 f - a potion of heal wounds {unknown}
 g - a potion of attraction {unknown}
 i - 2 potions of might
 j - a potion of curing
 l - a potion of magic {unknown}


   Skills:
 + Level 4.2 Fighting
 - Level 2.0 Dodging
 * Level 6.8 Unarmed Combat
 - Level 2.0 Spellcasting
 - Level 2.0 Transmutations


You had 6 spell levels left.
You knew the following spells:

 Your Spells              Type           Power      Damage    Failure   Level
a - Beastly Appendage     Tmut           16%        N/A       22%         1
b - Spider Form           Tmut/Pois      5%         N/A       58%         3

Your spell library contained the following spells:

 Spells                   Type           Power      Damage    Failure   Level
 Wereblood                Tmut           8%         N/A       30%         2
 Animate Skeleton         Necr           2%         N/A       38%         1
 Apportation              Tloc           2%         N/A       38%         1
 Magic Dart               Conj           4%         1d3       38%         1
 Pain                     Necr           4%         1d4       38%         1
 Summon Small Mammal      Summ           4%         N/A       38%         1
 Call Imp                 Summ           1%         N/A       50%         2
 Mephitic Cloud           Conj/Pois/Air  1%         N/A       71%         3
 Vampiric Draining        Necr           1%         2d6       71%         3
 Ice Form                 Ice/Tmut       5%         N/A       90%         4


Dungeon Overview and Level Annotations

Branches:
Dungeon (4/15)
 Temple: D:4-7

Altars:
Gozag
Qazlal
Vehumet
Zin

Annotations:
D:4 Duvessa


Innate Abilities, Weirdness & Mutations

You are a venomous arachnid creature.
You have poisonous fangs.
You are tiny and dextrous.
Your spellcasting is less reliable in this form.
Your armour is entirely melded.
You are incapable of wielding weapons or throwing items.
You cannot wear most types of armour.
((You are amphibious.))
You can wear up to eight rings at the same time.
((Your skin changes colour to match your surroundings (Stealth+).))
((Your rubbery body absorbs attacks. (AC +1, EV +1)))
((You are camouflaged when in or above water. (Stealth+)))
((You have tentacles for arms and can constrict up to eight enemies at once.))


Message History

You start resting.
Magic restored.
You start resting.
HP restored.
Found a stone staircase leading down.
Dowan, Brother of Duvessa comes into view.
He is wielding a +0 dagger and carrying a wand of flame (8).
Dowan shouts!
You hear a shout!
You tentacle-slap Dowan. You grab Dowan.
Dowan is lightly wounded.
You constrict Dowan, but do no damage.
Dowan zaps a wand.
The puff of flame hits you.
You tentacle-slap Dowan. You squeeze Dowan!
Dowan is severely wounded.
You constrict Dowan. Dowan closely misses you.
You tentacle-slap Dowan.
You kill Dowan!
You hear a distant scream of rage.
Duvessa, Sister of Dowan comes into view.
She is wielding a +5 short sword.
Duvessa goes berserk!
Items here: $ ) / [.
Casting: Spider Form (quite dangerous; 36% risk of failure)
Press: ? - help, Q - select action, (/) - cycle Dir - look around, f - activate You turn into a venomous arachnid creature.
Duvessa closely misses you.
You hit Duvessa.
Duvessa is poisoned.
Duvessa is lightly wounded.
Duvessa hits you with a +5 short sword!
You hit Duvessa.
Duvessa is lightly wounded.
You block Duvessa's attack. Duvessa completely misses you.
You hit Duvessa.
Duvessa looks as sick as possible!
Duvessa is moderately wounded.
Duvessa hits you with a +5 short sword!
Duvessa rages.
Your transformation is almost over.
Duvessa hits you with a +5 short sword!
* * * LOW HITPOINT WARNING * * *
Duvessa hits you with a +5 short sword!!
You die...
Your body crumbles into a pile of gold.

...# #.# e. ..# ...# #.#
#.##.##### ...# $ #.#
#...?....# ...##### #.#
###$......# ........
#.###.........# ..#######
###.##..##......# .####
#.###...............#
....###
#........e..##......#
###...# ####.##.s####
......# #####.## ###.###..##
......# ...##..###..........
.....>#
#.........##.........#######
###..................#
#...##.##..........#
#..##...##.........#
#..#.#...#.........#
#....#.#.........


You could see Duvessa (berserk, extremely poisoned).

Vanquished Creatures
  2 centaurs (D:4)
  A scorpion (D:4)
  Dowan (D:4)
  A hound (D:4)
  An orc priest (D:3)
  An iguana (D:4)
  2 orc wizards (D:4)
  5 adders
  3 worms
  8 orcs
  6 endoplasms
  5 giant cockroaches
  4 goblins
  6 hobgoblins
  6 kobolds
  5 quokkas
  10 ball pythons
  7 bats
  7 frilled lizards
  6 rats
87 creatures vanquished.

Notes
Turn   | Place    | Note
-------+----------+-------------------------------------------
     0 | D:1      | Ajdolov the Octopode Transmuter began the quest for the
                  | Orb.
     0 | D:1      | Reached XP level 1. HP: 13/13 MP: 3/3
   122 | D:1      | Reached XP level 2. HP: 18/18 MP: 5/5
   394 | D:1      | Reached XP level 3. HP: 19/24 MP: 6/6
   411 | D:1      | Learned a level 3 spell: Spider Form
   820 | D:1      | Reached skill level 4 in Unarmed Combat
  1366 | D:2      | Reached XP level 4. HP: 29/29 MP: 7/7
  2280 | D:3      | Found a radiant altar of Vehumet.
  2638 | D:3      | Reached skill level 5 in Unarmed Combat
  2638 | D:3      | Reached XP level 5. HP: 19/35 MP: 4/8
  3512 | D:4      | Reached XP level 6. HP: 29/42 MP: 6/9
  3633 | D:4      | Found a stormy altar of Qazlal.
  3638 | D:4      | Found a glowing silver altar of Zin.
  3642 | D:4      | Found an opulent altar of Gozag.
  3738 | D:4      | Became a worshipper of Gozag Ym Sagoz the Greedy
  3837 | D:4      | Reached skill level 6 in Unarmed Combat
  4102 | D:4      | Reached XP level 7. HP: 32/48 MP: 6/10
  4322 | D:4      | Noticed Dowan
  4326 | D:4      | Killed Dowan
  4327 | D:4      | Noticed Duvessa
  4336 | D:4      | Mangled by Duvessa

Illustrated notes

Levels and vault maps discovered:
D:1:      lemuel_arrival_river_ford, layout_loops_ring
D:2:      layout_loops_cross, chequers_serial_rivers_micro_b
D:3:      layout_basic, vehumet_altar_wand_db
D:4:      layout_rooms, minmay_overflow_temple_star_quad,
          corexii_item_surrounded_by_moat, minmay_manual_mares, uniq_duvessa

Skill      XL: |  1  2  3  4  5  6 |
---------------+-------------------+-----
Unarmed Combat | 4 5 6 |  6.8
Fighting       | 2 3 4 |  4.2
Dodging        | |  2.0
Spellcasting   | |  2.0
Transmutations | |  2.0

Action                   |  1- 3 |  4- 6 |  7- 9 || total
-------------------------+-------+-------+-------++-------
Melee: Unarmed           |    73 |    99 |     8 ||   180
       Constrict         |    19 |    15 |     1 ||    35
       Tentacles         |    18 |    15 |     1 ||    34
       Punch             |     2 |     2 |       ||     4
 Cast: Spider Form       |     1 |     9 |     1 ||    11
  Use: Scroll            |       |     3 |       ||     3
       Potion            |       |     1 |       ||     1
 Stab: Sleeping          |     6 |     8 |     1 ||    15
       Distracted        |       |     3 |       ||     3
Armor: Skin              |     5 |     5 |       ||    10
Dodge: Dodged            |    46 |    59 |     3 ||   108
Block: Other             |       |     6 |     1 ||     7

Table legend: (Time is in decaauts)
 A = Elapsed time spent in this place.
 B = Non-inter-level travel time spent in this place.
 C = Inter-level travel time spent in this place.
 D = Time resting spent in this place.
 E = Time spent auto-exploring this place.
 F = Levels seen in this place.
 G = Mean time per level.
                   A        B        C        D        E       F      G
               +--------+--------+--------+--------+--------+-----+--------+
         Total |   4320 |   4214 |    106 |   1339 |   2167 |   4 | 1080.0 |
       Dungeon |   4320 |   4214 |    106 |   1339 |   2167 |   4 | 1080.0 |
               +--------+--------+--------+--------+--------+-----+--------+

Top non-repeatable levels by time:
     D:3: 1502 daAuts
     D:1: 962 daAuts
     D:4: 944 daAuts
     D:2: 910 daAuts
